Map: Abyssal Reef LE

Players

Yata

  • Race: Zerg Zerg
  • League: Platinum
  • Spawn Location: 5:00

Shinobu - Winner!

  • Race: Protoss Protoss
  • League: Master
  • Spawn Location: 11:00

VOD

Have the link to the VOD?

Description

Time

  • Played on: Sept. 30, 2017, 9:21 p.m.
  • Length: 9:42
Show
View Real Time Build Order
Export as new Build Order

Yata Zerg 

Build Orders: Pool First 

Get SALT Encoding   

  12  0:01  Drone  
  13  0:12  Overlord  
  13  0:19  Drone  
  14  0:31  Drone x2  
  14  0:34  Drone  
  17  1:00  Drone  
  19  1:11  Drone  
  19  1:17  Extractor  
  18  1:25  Spawning Pool  
  17  1:34  Drone x3  
  17  1:37  Hatchery  
  19  1:45  Overlord  
  19  2:07  Drone  
  20  2:12  Queen  
  22  2:21  Zergling x2  
  23  2:29  Zergling x2  
  24  2:31  Metabolic Boost  
  24  2:52  Drone x3, Queen  
  29  3:02  Baneling Nest  
  29  3:05  Evolution Chamber  
  27  3:07  Zergling x4  
  25  3:39  Drone x8  
  32  3:54  Zerg Melee Weapons Level 1  
  32  3:57  Extractor  
  32  3:58  Drone  
  32  3:59  Drone, Lair  
  33  4:11  Queen  
  35  4:18  Drone  
  35  4:20  Hatchery  
  27  4:33  Spore Crawler  
  25  4:42  Drone x6  
  25  4:43  Drone x5  
  36  4:49  Spore Crawler  
  35  5:00  Overlord  
  35  5:07  Spore Crawler  
  34  5:09  Spore Crawler  
  33  5:23  Centrifical Hooks  
  33  5:30  Hydralisk Den  
  32  5:39  Drone  
  32  5:40  Drone x6  
  39  5:55  Zergling x6  
  42  5:57  Overlord x2  
  42  6:10  Muscular Augments  
  42  6:13  Overlord x2  
  41  6:18  Hydralisk  
  41  6:24  Drone x2  
  41  6:25  Drone x2  
  47  6:27  Zergling x2  
  47  6:28  Zergling x2  
  49  6:35  Overseer  
  49  6:36  Overseer  
  46  6:43  Spore Crawler  
  46  6:45  Spore Crawler, Hydralisk x2  
  48  6:55  Zergling x2  
  48  6:56  Zergling x8  
  53  7:02  Infestation Pit  
  50  7:12  Queen  
  50  7:13  Queen  
  54  7:16  Queen  
  54  7:19  Drone  
  54  7:20  Drone  
  58  7:27  Drone x4  
  58  7:29  Drone  
  63  7:34  Hydralisk  
  65  7:59  Drone  
  65  8:00  Overlord x2  
  65  8:01  Overlord x3  
  61  8:22  Zergling x26  
  61  8:23  Zergling x12  
  55  8:46  Hydralisk x7  
  54  8:54  Hydralisk  
  35  9:04  Queen  
  37  9:15  Spore Crawler  
Show
View Real Time Build Order
Export as new Build Order

Shinobu Protoss - Winner!

Build Orders: 1 Gate Expand, Oracle Opening 

Get SALT Encoding   

  12  0:01  Probe (Chrono Boost)  
  13  0:11  Probe (Chrono Boost)  
  14  0:18  Pylon  
  14  0:22  Probe (Chrono Boost)  
  15  0:36  Probe (Chrono Boost)  
  15  0:42  Gateway  
  16  0:46  Assimilator  
  16  0:50  Probe (Chrono Boost)  
  17  1:01  Probe (Chrono Boost)  
  18  1:10  Pylon  
  18  1:11  Probe (Chrono Boost)  
  19  1:32  Nexus  
  19  1:35  Probe (Chrono Boost)  
  20  1:46  Cybernetics Core  
  20  1:49  Probe (Chrono Boost)  
  21  1:58  Assimilator  
  21  1:59  Probe (Chrono Boost)  
  22  2:05  Pylon  
  22  2:10  Probe (Chrono Boost)  
  23  2:20  Probe (Chrono Boost)  
  24  2:23  Adept (Chrono Boost)  
  24  2:24  Warp Gate  
  26  2:38  Probe  
  26  2:40  Stargate  
  27  2:48  Adept (Chrono Boost)  
  27  2:50  Probe  
  29  2:51  Probe  
  31  3:00  Mothership Core (Chrono Boost)  
  33  3:07  Pylon  
  33  3:13  Probe (Chrono Boost)  
  34  3:21  Probe (Chrono Boost)  
  34  3:25  Probe (Chrono Boost)  
  34  3:26  Oracle (Chrono Boost)  
  39  3:35  Probe x2 (Chrono Boost)  
  39  3:40  Pylon, Gateway  
  39  3:44  Probe  
  39  3:46  Probe  
  41  3:55  Probe  
  41  3:58  Probe  
  41  4:00  Void Ray (Chrono Boost)  
  47  4:05  Probe  
  48  4:10  Probe  
  48  4:16  Probe  
  49  4:21  Nexus  
  49  4:23  Probe  
  51  4:32  Probe  
  52  4:40  Pylon, Probe  
  52  4:41  Pylon  
  52  4:42  Probe  
  52  4:43  Pylon  
  52  4:45  Assimilator  
  54  4:47  Assimilator  
  54  4:52  Adept x2  
  58  4:54  Probe (Chrono Boost)  
  58  4:55  Probe (Chrono Boost)  
  60  5:05  Probe (Chrono Boost)  
  60  5:06  Probe (Chrono Boost)  
  62  5:12  Fleet Beacon  
  62  5:14  Stargate  
  62  5:15  Probe (Chrono Boost)  
  62  5:18  Probe (Chrono Boost)  
  64  5:26  Probe (Chrono Boost)  
  65  5:29  Probe (Chrono Boost)  
  66  5:36  Probe (Chrono Boost)  
  66  5:37  Probe (Chrono Boost)  
  66  5:39  Assimilator  
  66  5:40  Probe (Chrono Boost)  
  69  5:43  Assimilator  
  69  5:47  Probe (Chrono Boost)  
  69  5:49  Probe (Chrono Boost)  
  71  5:52  Probe (Chrono Boost)  
  71  5:56  Carrier (Chrono Boost)  
  72  5:58  Carrier (Chrono Boost)  
  72  6:00  Probe  
  72  6:01  Probe  
  86  6:05  Probe  
  87  6:12  Probe  
  87  6:15  Probe  
  89  6:18  Probe  
  89  6:19  Protoss Air Weapons Level 1 (Chrono Boost)  
  89  6:24  Adept x2, Probe  
  101  6:29  Pylon  
  101  6:31  Pylon  
  101  6:33  Pylon  
  101  6:34  Pylon, Probe  
  101  6:42  Graviton Catapult  
  101  6:47  Probe x2  
  103  6:56  Probe  
  104  7:13  Gateway  
  104  7:14  Gateway  
  104  7:16  Pylon, Gateway  
  104  7:18  Carrier x2 (Chrono Boost)  
  116  7:22  Gateway  
  116  7:27  Forge, Stargate  
  116  7:35  Adept x2  
  120  7:55  Pylon  
  120  7:58  Adept x2  
  124  8:10  Adept x3  
  136  8:25  Carrier (Chrono Boost)  
  136  8:28  Adept x3  
  148  8:39  Adept  
  148  8:45  Pylon  
  148  8:46  Pylon  
  140  8:49  Pylon  
  140  8:50  Adept x4  
  140  8:51  Pylon  
  146  9:22  Adept x4  
  146  9:23  Adept x2  
Tags
 
Add a new tag
Caveats
  • Supply blocks, unpowered buildings, or Contaminate may cause inaccurate times.
  • Supply counts are checked every 10 seconds.